 Dungeon Crawl Stone Soup version 0.31-a0-1405-g2bb1a01664 (webtiles) character file.

Game seed: 11587941212426641537

2911 Dordric the Fighter (level 10, -3/78 HPs)
             Began as a Djinni Alchemist on Dec 26, 2023.
             Was an Initiate of Hepliaklqana.
             Killed from afar by a gargoyle (13 damage)
             ... with a stone arrow
             ... on level 7 of the Dungeon.
             The game lasted 00:14:59 (7319 turns).

Dordric the Fighter (Djinni Alchemist)              Turns: 7319, Time: 00:15:00

Health: -3/78      AC:  5    Str:  7    XL:     10   Next: 6%
Gold:   217        EV: 12    Int: 27    God:    Hepliaklqana [......] SH:  0 Dex: 14

rFire   + + +        c - +2 dagger (venom)
rCold   x . .        (no shield)
rNeg    . . .        z - +0 steam dragon scales
rPois   ∞            (no helmet)
rElec   .            (no cloak)
rCorr   .            (no gloves)
SInv    .            (boots unavailable)
Will    +....        (no amulet)
Stlth   ++           h - +6 ring of intelligence
HPRegen 0.33/turn    i - ring of protection from fire
MPRegen 0.00/turn

%: infuse magic (-4 HP)
@: about to teleport, flying
A: sickness immunity, fire resistance 2, cold vulnerability 1, float, innate
caster, HP casting, extra vitality 1
a: Renounce Religion


You were on level 7 of the Dungeon.
You worshipped Hepliaklqana.
Hepliaklqana was noncommittal.
You visited 1 branch of the dungeon, and saw 7 of its levels.

You collected 217 gold pieces.

Inventory:

Hand Weapons
 c - a +2 dagger of venom (weapon)
Armour
 a - a +0 robe
 z - +0 steam dragon scales (worn)
Magical Staves
 A - a staff of earth
Jewellery
 f - a ring of protection from cold
 h - a +6 ring of intelligence (left hand)
 i - a ring of protection from fire (right hand)
Talismans
 s - a flux talisman
Wands
 t - a wand of polymorph (7)
 x - a wand of mindburst (15)
 B - a wand of charming (4)
Scrolls
 b - 2 scrolls of fear
 d - 3 scrolls of teleportation
 e - 3 scrolls of amnesia
 g - a scroll of fog {unknown}
 l - 3 scrolls of poison {unknown}
 n - 3 scrolls of identify
 o - a scroll of torment {unknown}
 q - 4 scrolls of revelation {unknown}
 v - a scroll of immolation {unknown}
 w - a scroll of enchant armour {unknown}
 y - 2 scrolls of vulnerability {unknown}
 C - a scroll of enchant weapon {unknown}
 D - a scroll of brand weapon {unknown}
Potions
 j - a potion of brilliance {unknown}
 k - a potion of degeneration {unknown}
 m - a potion of magic {unknown}
 p - a potion of mutation {unknown}
 r - a potion of enlightenment {unknown}
 u - a potion of might {unknown}


   Skills:
 + Level 9.5 Fighting
 - Level 2.1 Dodging
 - Level 1.5 Stealth
 + Level 7.8 Spellcasting
 + Level 7.8 Conjurations
 + Level 7.8 Hexes
 + Level 7.8 Summonings
 + Level 7.8 Necromancy
 + Level 7.8 Translocations
 + Level 7.8 Fire Magic
 + Level 7.8 Ice Magic
 + Level 7.8 Air Magic
 + Level 7.8 Earth Magic
 + Level 7.8 Alchemy


You knew the following spells:

 Your Spells              Type           Power      Damage    Failure   Level
a - Sting                 Conj/Alch      100%       1d9       1%          1
b - Mercury Vapours       Alch/Air       100%       N/A       1%          2
c - Mephitic Cloud        Conj/Alch/Air  52%        N/A       1%          3
d - Olgreb's Toxic Radia  Alch           52%        N/A       1%          4
e - Sticky Flame          Fire/Alch      52%        2d9       1%          4
f - Magic Dart            Conj           100%       1d8       1%          1
g - Passwall              Alch/Erth      43%        N/A       1%          2
h - Summon Guardian Gole  Hex/Summ       52%        N/A       1%          3
i - Iskenderun's Mystic   Conj/Tloc      52%        2d11      1%          4
Your spell library was empty.

Dungeon Overview and Level Annotations

Branches:
Dungeon (7/15)             Temple (0/1) D:6

Altars:
Cheibriados
Gozag
Hepliaklqana
Makhleb
Nemelex Xobeh
Okawaru
Trog
Uskayaw
Yredelemnul
Zin

Shops:
D:2 *

Annotations:
D:4 2 runed translucent doors, bmb222's ghost, novice FoMo


Innate Abilities, Weirdness & Mutations

You are immune to sickness and miasma.
You are immune to poison.
Your flesh is very heat resistant. (rF++)
You are vulnerable to cold. (rC-)
You float through the air rather than walking.
You learn spells naturally, not from books.
Your magical power is your life essence.
You have superior vitality. (+4 MHP)


Message History

Confirm with . or Enter, or press ? or * to list all spells.
You can't see any susceptible monsters within range! (Use Z to cast anyway.)
Casting: Sting (safe; 1% risk of failure)
Confirm with . or Enter, or press ? or * to list all spells.
Aiming: Mercury Vapours (safe; 1% risk of failure)
Press: ? - help, Dir - move target, f - gargoyle
Aim: a gargoyle, wielding a +2 mace of protection (chance to weaken: 100%) Fumes of mercury billow around the gargoyle!
The gargoyle looks weaker.
The gargoyle hurls a stone arrow at you.
The stone arrow hits you!
The sting hits the gargoyle.
The gargoyle is lightly damaged.
The gargoyle hits you with a +2 mace of protection!
The sting hits the gargoyle but does no damage.
The gargoyle is lightly damaged.
The gargoyle hits you with a +2 mace of protection.
The sting hits the gargoyle but does no damage.
The gargoyle is lightly damaged.
The gargoyle hits you with a +2 mace of protection!
You are too injured to fight recklessly!
Casting: Sting (safe; 1% risk of failure)
Confirm with . or Enter, or press ? or * to list all spells.
Okay, then.
The gargoyle hits you with a +2 mace of protection.
Casting: Sting (safe; 1% risk of failure)
Confirm with . or Enter, or press ? or * to list all spells.
A guardian golem appears, shielding your allies.
The gargoyle hits you with a +2 mace of protection!
* * * LOW HITPOINT WARNING * * *
The gargoyle is no longer weakened.
The gargoyle hits you with a +2 mace of protection!
* * * LOW HITPOINT WARNING * * *
As you read the scroll of teleportation, it crumbles to dust.
You feel strangely unstable.
The gargoyle hurls a stone arrow at you.
The stone arrow misses you.
The gargoyle hurls a stone arrow at you.
The stone arrow hits you!
You die...

#.# ##+.+##
#### ..#
#+.....+# ....
#.# #.......#
####
#.##+.......+#
#.##....8....#
#.##'9......+
#.#[#9......#
#.###'.....+#
#..#8##@..##
##.###8...8#
#...##...##...
####.........#
#..............
#.##.#####..###
########.##.#
..#
#...........#
..#
#.######.####
..


You could see a gargoyle (ally target) and a friendly guardian golem (summoned).

Vanquished Creatures
  Maggie (D:6)
  Sigmund (D:5)
  A wyvern (D:5)
  A wraith (D:6)
  2 humans (D:7)
  Edmund (D:6)
  A black bear (D:5)
  An orc warrior (D:7)
  A sky beast (D:7)
  An ogre (D:4)
  A centaur (D:7)
  Blork the orc (D:5)
  A bullfrog (D:7)
  2 scorpions (D:5)
  A howler monkey (D:6)
  A bombardier beetle (D:5)
  3 bullfrog zombies (D:5)
  A jelly (D:7)
  2 hounds (D:6)
  A centaur zombie (D:5)
  A gnoll bouda (D:7)
  4 orc priests
  A sleepcap (D:6)
  2 iguanas
  2 scorpion zombies (D:5)
  Natasha (thrice) (D:2)
  7 orc wizards
  10 gnolls
  7 adders
  A shadow imp (D:7)
  2 white imps
  4 ufetubi
  A worm (D:2)
  20 orcs
  6 endoplasms
  3 giant cockroaches
  4 hobgoblins
  3 jackals (D:2)
  5 quokkas
  8 ball pythons
  3 bats
  3 frilled lizards (D:2)
  10 goblins
  8 kobolds
  8 rats
151 creatures vanquished.

Notes
Turn   | Place    | Note
-------+----------+-------------------------------------------
     0 | D:1      | Dordric the Djinni Alchemist began the quest for the Orb.
     0 | D:1      | Dordric set off with the following spells memorised: Sting,
                  | Mercury Vapours, Mephitic Cloud, Olgreb's Toxic Radiance,
                  | Sticky Flame.
     0 | D:1      | Reached XP level 1. HP: 15/15 MP: 0/0
   108 | D:1      | Reached XP level 2. HP: 19/22 MP: 0/0
   132 | D:1      | Reached skill level 1 in Fighting
   515 | D:2      | Found Faegut's Assorted Antiques.
   574 | D:2      | Noticed Natasha
   583 | D:2      | Killed Natasha
   584 | D:2      | Reached skill level 2 in Fighting
   584 | D:2      | Reached XP level 3. HP: 13/28 MP: 0/0
   584 | D:2      | Learned a level 1 spell: Magic Dart
   747 | D:2      | Reached XP level 4. HP: 30/33 MP: 0/0
   776 | D:2      | Found a faded altar of an unknown god.
   884 | D:2      | Noticed Natasha
   890 | D:2      | Killed Natasha
   891 | D:2      | Reached skill level 3 in Fighting
   891 | D:2      | Reached XP level 5. HP: 36/40 MP: 0/0
   891 | D:2      | Learned a level 2 spell: Passwall
  1162 | D:2      | Noticed Natasha
  1173 | D:2      | Killed Natasha
  1562 | D:3      | Found a glowing silver altar of Zin.
  1572 | D:3      | Found a bloodstained altar of Trog.
  1578 | D:3      | Found a hide-covered altar of Uskayaw.
  1736 | D:3      | Found a snail-covered altar of Cheibriados.
  2561 | D:4      | Reached XP level 6. HP: 43/46 MP: 0/0
  2595 | D:4      | Reached skill level 4 in Fighting
  2658 | D:4      | Found a large runed translucent door.
  2658 | D:4      | Found a large runed translucent door.
  2661 | D:4      | Noticed bmb222's ghost (novice FoMo)
  3000 | D:4      | Noticed an ogre
  3015 | D:4      | Killed an ogre
  3016 | D:4      | Reached XP level 7. HP: 45/53 MP: 0/0
  3016 | D:4      | Learned a level 3 spell: Summon Guardian Golem
  3508 | D:5      | Entered Level 5 of the Dungeon
  3525 | D:5      | Reached skill level 5 in Fighting
  3525 | D:5      | Reached skill level 5 in Spellcasting
  3525 | D:5      | Reached skill level 5 in Conjurations
  3525 | D:5      | Reached skill level 5 in Hexes
  3525 | D:5      | Reached skill level 5 in Summonings
  3525 | D:5      | Reached skill level 5 in Necromancy
  3525 | D:5      | Reached skill level 5 in Translocations
  3525 | D:5      | Reached skill level 5 in Fire Magic
  3525 | D:5      | Reached skill level 5 in Ice Magic
  3525 | D:5      | Reached skill level 5 in Air Magic
  3525 | D:5      | Reached skill level 5 in Earth Magic
  3525 | D:5      | Reached skill level 5 in Alchemy
  3759 | D:5      | Noticed Blork the orc
  3767 | D:5      | Killed Blork the orc
  3988 | D:5      | Reached XP level 8. HP: 44/61 MP: 0/0
  4084 | D:5      | Noticed a wyvern
  4093 | D:5      | Killed a wyvern
  4094 | D:5      | Reached skill level 6 in Fighting
  4295 | D:5      | Noticed Sigmund
  4321 | D:5      | Killed Sigmund
  4632 | D:5      | Reached skill level 7 in Fighting
  4742 | D:5      | Found a basalt altar of Yredelemnul.
  5098 | D:6      | Found a hazy altar of Hepliaklqana.
  5175 | D:6      | Became a worshipper of Hepliaklqana the Forgotten
  5280 | D:6      | Found a staircase to the Ecumenical Temple.
  5353 | D:6      | Found a burning altar of Makhleb.
  5360 | D:6      | Noticed Maggie
  5374 | D:6      | Killed Maggie
  5375 | D:6      | Reached XP level 9. HP: 50/70 MP: 0/0
  5375 | D:6      | Learned a level 4 spell: Iskenderun's Mystic Blast
  5516 | D:6      | Noticed Edmund
  5533 | D:6      | Killed Edmund
  5534 | D:6      | Reached skill level 8 in Fighting
  5891 | D:6      | Found a sparkling altar of Nemelex Xobeh.
  6306 | D:6      | Found an opulent altar of Gozag.
  6688 | D:7      | Reached skill level 9 in Fighting
  6976 | D:7      | Found an iron altar of Okawaru.
  6996 | D:7      | Reached XP level 10. HP: 9/78 MP: 0/0
  6997 | D:7      | HP: 1/78 [human/+0 long sword (7)]
  7309 | D:7      | Noticed a gargoyle
  7319 | D:7      | Killed from afar by a gargoyle

Illustrated notes

Levels and vault maps discovered:
D:1:      dpeg_arrival_tiny_i, layout_rooms, chequers_serial_rivers_large_b,
          minmay_tetromino_o4
D:2:      layout_basic, serial_shops, nicolae_shop_tiny_glass,
          shapermc_ecumenical_altar_gd, lexackson_kobold_supper, uniq_natasha
D:3:      layout_basic, cheibriados_altar_1, grunt_temple_overflow_open,
          mainiacjoe_overflow_tiny_flanked
D:4:      layout_loops_ring, ebering_ghost_disaster_area
D:5:      layout_gridville, nicolae_vehumet_altar_sigil,
          nicolae_yredelemnul_corpse_copse, uniq_blork_the_orc, uniq_sigmund
D:6:      layout_loops_ring, mainiacjoe_overflow_alcove_1, marbit_many_paths,
          lemuel_tele_altar, bloody_makhleb, minmay_temple_entry_slanted,
          grunt_ministairs_15, uniq_maggie, uniq_edmund
D:7:      cheibrodos_statue_roulette, layout_loops_ring, okawaru_humans,
          nicolae_qazlal_style_of_elements, serial_shops, nicolae_shop_trees

Skill      XL: |  1  2  3  4  5  6  7  8  9 |
---------------+----------------------------+-----
Fighting       | 2 3 4 5 7 9 |  9.5
Spellcasting   | 4 5 6 7 |  7.8
Conjurations   | 4 5 6 7 |  7.8
Hexes          | 4 5 6 7 |  7.8
Summonings     | 4 5 6 7 |  7.8
Necromancy     | 4 5 6 7 |  7.8
Translocations | 4 5 6 7 |  7.8
Fire Magic     | 4 5 6 7 |  7.8
Ice Magic      | 4 5 6 7 |  7.8
Air Magic      | 4 5 6 7 |  7.8
Earth Magic    | 4 5 6 7 |  7.8
Alchemy        | 4 5 6 7 |  7.8
Dodging        | |  2.1
Stealth        | |  1.5

Action                     |  1- 3 |  4- 6 |  7- 9 | 10-12 || total
---------------------------+-------+-------+-------+-------++-------
  Melee: Dagger            |       |    22 |    17 |       ||    39
         Punch             |       |     1 |       |       ||     1
   Cast: Sting             |    39 |    82 |   115 |     5 ||   241
         Mercury Vapours   |    11 |    10 |    14 |     1 ||    36
         Magic Dart        |       |    21 |       |       ||    21
         Sticky Flame      |       |     1 |     7 |       ||     8
         Passwall          |       |     1 |       |       ||     1
         Mephitic Cloud    |       |     2 |    26 |       ||    28
         Olgreb's Toxic Ra |       |     1 |    34 |       ||    35
         Summon Guardian G |       |       |     4 |     1 ||     5
         Iskenderun's Myst |       |       |     6 |       ||     6
    Use: Scroll            |       |     4 |     1 |     2 ||     7
         Potion            |       |     3 |     2 |       ||     5
   Stab: Sleeping          |       |     1 |       |       ||     1
 Armour: Robe              |     5 |    22 |    30 |       ||    57
         Skin              |       |     9 |       |       ||     9
         Steam dragon scal |       |       |    35 |    11 ||    46
  Dodge: Dodged            |     5 |    28 |    54 |     1 ||    88

Table legend: (Time is in decaauts)
 A = Elapsed time spent in this place.
 B = Non-inter-level travel time spent in this place.
 C = Inter-level travel time spent in this place.
 D = Time resting spent in this place.
 E = Time spent auto-exploring this place.
 F = Levels seen in this place.
 G = Mean time per level.
                   A        B        C        D        E       F      G
               +--------+--------+--------+--------+--------+-----+--------+
         Total |   7341 |   7160 |    181 |    274 |   5917 |   7 | 1048.7 |
       Dungeon |   7341 |   7160 |    181 |    274 |   5917 |   7 | 1048.7 |
               +--------+--------+--------+--------+--------+-----+--------+

Top non-repeatable levels by time:
     D:5: 1581 daAuts
     D:6: 1312 daAuts
     D:2: 1049 daAuts
     D:3: 1011 daAuts
     D:4: 969 daAuts
     D:7: 936 daAuts
     D:1: 480 daAuts
